 Dungeon Crawl Stone Soup version 0.32-a0-136-gc02482bde3 (webtiles) character file.

Game seed: 5681703888878704928

200 PriceMaster the Conjurer (level 5, -2/46 HPs)
             Began as an Octopode Conjurer on Feb 11, 2024.
             Slain by a gnoll
             ... wielding a +0 spear
              (9 damage)
             ... on level 2 of the Dungeon.
             The game lasted 00:04:04 (2525 turns).

PriceMaster the Conjurer (Octopode Conjurer)        Turns: 2525, Time: 00:04:05

Health: -2/46      AC:  1    Str:  9    XL:     5   Next: 79%
Magic:  4/8        EV: 13    Int: 20    God:
Gold:   100        SH:  0    Dex: 10    Spells: 6/9 levels left

rFire   . . .        c - +0 short sword
rCold   . . .        (no shield)
rNeg    . . .        (helmet restricted)
rPois   .            (no amulet)
rElec   .            (no ring)
rCorr   .            (no ring)
SInv    .            (no ring)
Will    .....        (no ring) Stlth
                     (no ring)
HPRegen 0.27/turn    (no ring)
MPRegen 0.11/turn    (no ring)
                     (no ring)

%: no passive effects
@: berserking, very quick
A: almost no armour, amphibious, 8 rings, camouflage 1, gelatinous body 1,
(nimble swimmer 1), tentacles
a: no special abilities


You were on level 2 of the Dungeon.
You visited 1 branch of the dungeon, and saw 3 of its levels.

You collected 100 gold pieces.

Inventory:

Hand Weapons
 c - a +0 short sword (weapon)
Jewellery
 a - a ring of fire
 f - a ring of ice
Scrolls
 b - a scroll of poison {unknown}
 g - 2 scrolls of identify {unknown}
 h - a scroll of vulnerability {unknown}
 i - a scroll of immolation {unknown}
Potions
 e - a potion of haste {unknown}


   Skills:
 + Level 0.1 Fighting
 + Level 0.7 Short Blades
 + Level 2.5 Dodging
 + Level 4.2 Stealth
 + Level 2.6 Spellcasting
 + Level 5.7 Conjurations


You had 6 spell levels left.
You knew the following spells:

 Your Spells              Type           Power      Damage    Failure   Level
a - Magic Dart            Conj           100%       1d8       1%          1
b - Searing Ray           Conj           50%        2d6       2%          2

Your spell library contained the following spells:

 Spells                   Type           Power      Damage    Failure   Level
 Fugue of the Fallen      Necr           2%         N/A       41%         3
 Ozocubu's Armour         Ice            2%         N/A       41%         3
 Fulminant Prism          Conj/Alch      7%         3d7       41%         4
 Iskenderun's Mystic Bla  Conj/Tloc      14%        2d5       41%         4
 Manifold Assault         Tloc           2%         N/A       83%         4


Dungeon Overview and Level Annotations

Branches:
Dungeon (3/15)

Altars:


Innate Abilities, Weirdness & Mutations

You cannot wear most types of armour.
You are amphibious.
You can wear up to eight rings at the same time.
Your skin changes colour to match your surroundings (Stealth+).
Your rubbery body absorbs attacks. (AC +1, EV +1)
((You are camouflaged when in or above water. (Stealth+)))
You have tentacles for arms and can constrict up to eight enemies at once.


Message History

You see here an adder skeleton.
There is an open door here.
You see here 3 poisoned darts.
You see here a bat skeleton.
There is a stone staircase leading down here.
Unknown command.
You climb downwards.
The bat completely misses you.
The gnoll shouts! x2
Found 3 gold pieces.
There is a stone staircase leading up here.
The gnoll shouts!
You hear a shout!
The bat misses you. The gnoll completely misses you.
The gnoll hits you with a +0 spear.
The gnoll shouts!
The goblin shouts!
You climb upwards.
There is a stone staircase leading down here.
Okay, then.
Casting: Searing Ray (safe; 2% risk of failure)
Confirm with . or Enter, or press ? or * to list all spells.
Aiming: Searing Ray (safe; 2% risk of failure)
Press: ? - help, Shift-Dir - straight line, f - gnoll
Aim: a gnoll, wielding a +0 spear (82% to hit)
The searing ray hits the gnoll.
The gnoll is lightly wounded. (Press . to maintain the ray.)
The gnoll hits you with a +0 club! The gnoll hits you with a +0 spear.
The searing ray hits the gnoll!
The gnoll is severely wounded.
The gnoll closely misses you. The gnoll misses you.
The searing ray misses the gnoll.
The gnoll hits you with a +0 club. The gnoll hits you with a +0 spear!
* * * LOW HITPOINT WARNING * * *
Unknown command.
It was a potion of berserk rage.
A red film seems to cover your vision as you go berserk!
You feel yourself moving faster!
You feel mighty! The gnoll hits you with a +0 club.
* * * LOW HITPOINT WARNING * * *
The gnoll hits you with a +0 spear!
You die...

.....# #.##..# #.........
.....###.##..# #######.........
.....#.......#####...............
.....#.#.........#........#######
....##.#.........#........#
.###...#.........#........#
.................#........# #####
...###.#.......g.#...)....# #....
##.###.#.....(.g@#........###....
##.............†.#........†.'..).
......##........[####'#######....
......'..........†....# #....
......####'######.##### #....
.....÷# #.# #....#########....
......####.# #..#.........#.###
...........# #..#####..##.#'##
###........# ###..#####..#.....#


You could see 2 gnolls.

Vanquished Creatures
  Jessica (D:2)
  Natasha (thrice) (D:2)
  Robin (D:2)
  2 adders (D:2)
  A gnoll (D:1)
  A dart slug (D:2)
  3 ribbon worms (D:2)
  An endoplasm (D:1)
  12 goblins
  8 hobgoblins
  4 jackals (D:1)
  A quokka (D:2)
  3 ball pythons (D:1)
  6 bats
  2 frilled lizards
  5 kobolds
  3 rats
57 creatures vanquished.

Notes
Turn   | Place    | Note
-------+----------+-------------------------------------------
     0 | D:1      | PriceMaster the Octopode Conjurer began the quest for the
                  | Orb.
     0 | D:1      | Reached XP level 1. HP: 11/11 MP: 3/3
   173 | D:1      | Reached XP level 2. HP: 17/17 MP: 0/5
   176 | D:1      | Learned a level 2 spell: Searing Ray
   611 | D:1      | Reached XP level 3. HP: 14/21 MP: 0/6
  1062 | D:2      | Noticed Jessica
  1301 | D:2      | Killed Jessica
  1302 | D:2      | Reached skill level 5 in Conjurations
  1302 | D:2      | Reached XP level 4. HP: 27/27 MP: 2/7
  1569 | D:2      | Noticed Robin
  1595 | D:2      | Killed Robin
  1996 | D:2      | Reached XP level 5. HP: 31/31 MP: 4/8
  2060 | D:2      | Noticed Natasha
  2065 | D:2      | Killed Natasha
  2303 | D:2      | Noticed Natasha
  2307 | D:2      | Killed Natasha
  2327 | D:2      | Noticed Natasha
  2331 | D:2      | Killed Natasha
  2525 | D:2      | Slain by a gnoll

Illustrated notes

Levels and vault maps discovered:
D:1:      tarquinn_simple_flora_water_c, layout_basic
D:2:      layout_basic, uniq_jessica, uniq_robin, uniq_natasha
D:3:      layout_rooms, hellmonk_ecumenical_altar_dog_temple, chequers_jeans,
          wander_ebering_terrifying_dragon_lair

Skill      XL: |  1  2  3  4  5 |
---------------+----------------+-----
Stealth        | 3 4 |  4.2
Conjurations   | 5 |  5.7
Fighting       | |  0.1
Short Blades   | |  0.7
Dodging        | |  2.5
Spellcasting   | |  2.6

Action                     |  1- 3 |  4- 6 || total
---------------------------+-------+-------++-------
  Melee: Unarmed           |     1 |       ||     1
         Short sword       |    20 |    33 ||    53
         Constrict         |     5 |     8 ||    13
         Tentacles         |     5 |     7 ||    12
         Punch             |     1 |     2 ||     3
   Cast: Magic Dart        |    28 |    38 ||    66
         Searing Ray       |     7 |     7 ||    14
    Use: Potion            |     2 |     4 ||     6
   Stab: Sleeping          |     1 |     1 ||     2
 Armour: Skin              |    12 |    28 ||    40
  Dodge: Dodged            |     9 |    33 ||    42

Table legend: (Time is in decaauts)
 A = Elapsed time spent in this place.
 B = Non-inter-level travel time spent in this place.
 C = Inter-level travel time spent in this place.
 D = Time resting spent in this place.
 E = Time spent auto-exploring this place.
 F = Levels seen in this place.
 G = Mean time per level.
                   A        B        C        D        E       F      G
               +--------+--------+--------+--------+--------+-----+--------+
         Total |   2525 |   2448 |     77 |    687 |   1411 |   3 |  841.7 |
       Dungeon |   2525 |   2448 |     77 |    687 |   1411 |   3 |  841.7 |
               +--------+--------+--------+--------+--------+-----+--------+

Top non-repeatable levels by time:
     D:2: 1699 daAuts
     D:1: 821 daAuts
     D:3: 4 daAuts
